 Dungeon Crawl Stone Soup version 0.28.0-47-ge53b351184 (webtiles) character file.

Game seed: 8047555562877041446

429 Iusername the Shield-Bearer (level 6, -3/56 HPs)
             Began as a Minotaur Fighter on May 6, 2022.
             Slain by an ogre
             ... wielding a +0 giant club
              (9 damage)
             ... on level 4 of the Dungeon.
             The game lasted 00:06:37 (3582 turns).

Iusername the Shield-Bearer (Minotaur Fighter)      Turns: 3582, Time: 00:06:38

Health: -3/56      AC:  8    Str: 23    XL:     6   Next: 66%
Magic:  5/5        EV:  9    Int:  5    God:
Gold:   213        SH:  5    Dex:  9    Spells: 5/5 levels left

rFire   . . .      SeeInvis .   a - +0 war axe
rCold   . . .      Faith    .   c - +0 buckler
rNeg    . . .      Spirit   .   b - +0 scale mail
rPois   .          Reflect  .   (helmet restricted)
rElec   .          Harm     .   m - +0 cloak
rCorr   .          Rampage  .   (no gloves)
Will    .....      Rage     1%  (no boots)
Stlth   ..........              (no amulet)
HPRegen 0.18/turn               (no ring)
MPRegen 0.09/turn               (no ring)

@: no status effects
A: horns 2, retaliatory headbutt, claws 1, berserk 1, deterioration 1
a: no special abilities


You were on level 4 of the Dungeon.
You visited 1 branch of the dungeon, and saw 4 of its levels.

You collected 213 gold pieces.

Inventory:

Hand Weapons
 a - a +0 war axe (weapon)
Armour
 b - a +0 scale mail (worn)
 c - a +0 buckler (worn)
 m - a +0 cloak (worn)
Jewellery
 d - a ring of poison resistance
Scrolls
 g - a scroll of amnesia
 h - a scroll of immolation
 i - a scroll of teleportation
 k - a scroll of enchant armour
 l - a scroll of fog
Potions
 j - a potion of curing {unknown}
 n - a potion of lignification {unknown}
 o - a potion of heal wounds


   Skills:
 + Level 5.4 Fighting
 + Level 4.7 Axes
 + Level 5.5 Armour
 + Level 5.5 Shields


You had 5 spell levels left.
You didn't know any spells.
Your spell library contained the following spells:

 Spells                   Type           Power      Damage    Failure   Level
 Apportation              Tloc           0%         N/A       86%         1
 Summon Guardian Golem    Hex/Summ       0%         N/A       99%         3
 Alistair's Intoxication  Tmut/Pois      0%         N/A       100%        5
 Orb of Destruction       Conj           0%         9d5       100%        7
 Spellforged Servitor     Conj/Summ      0%         N/A       100%        7


Dungeon Overview and Level Annotations

Branches:
Dungeon (4/15)
 Temple: D:4-7

Altars:
Vehumet
The Shining One

Shops:
D:2 =

Annotations:
D:4 1 transporter, Iusername's ghost, novice HuFi


Innate Abilities, Weirdness & Mutations

You have a pair of horns on your head.
You reflexively headbutt those who attack you in melee.
You have sharp fingernails.
You tend to lose your temper in combat.
Your body sometimes deteriorates upon taking damage.


Message History

You start putting on your armour.
You continue putting on your +0 cloak. x4
You finish putting on your +0 cloak.
You feel extremely strange.
Your iridescent scales disappear.
Your skin warms up.
You feel yourself wasting away.
You feel a little pissed off.
Your fingernails lengthen.
Sorry, you're not good enough to have a special ability.
There is a transporter here.
Cleave: a) +0 war axe
Press: ? - help, Dir - move target, f - you You enter the transporter and appear at another place.
Okay, then.
Iusername's ghost hits you. The ogre barely misses you.
You closely miss Iusername's ghost.
You headbutt Iusername's ghost, but do no damage.
You completely miss the ogre. You barely miss the ogre.
You block Iusername's ghost's attack. The ogre barely misses you.
You furiously retaliate!
You headbutt the ogre, but do no damage.
You block the ogre's attack.
You hit Iusername's ghost.
Iusername's ghost is lightly damaged.
You slash the ogre! You barely miss the ogre.
Iusername's ghost completely misses you.
You furiously retaliate!
You headbutt Iusername's ghost.
The ogre hits you with the +3 giant club of Excruciating Pain {spect, rPois Str-2 Int-3 Dex+8}!
You block the ogre's attack.
Iusername's ghost hits you but does no damage.
You hit Iusername's ghost but do no damage.
Iusername's ghost is lightly damaged.
You barely miss the ogre. x2; You block the ogre's attack.
Iusername's ghost barely misses you. The ogre barely misses you.
You closely miss Iusername's ghost.
Iusername's ghost is lightly damaged.
You barely miss the ogre. You closely miss the ogre.
Iusername's ghost hits you!
The ogre hits you with the +3 giant club of Excruciating Pain {spect, rPois Str-2 Int-3 Dex+8}!
* * * LOW HITPOINT WARNING * * *
The ogre hits you with a +0 giant club!
You die...

## #.# #......# #.#########
#.###### #........########
####.#...#......#
#.#...#.#..#.####
#.#...#..##..#(.#
#.#...#..##..##.#
#.#..©#.#O.#.##.#####
#.#...#[.W@.©#......#
#.##.©#$#O.#.##.###.#
#.##..#..##..##.#
#.....#..##..##.###.#
##########..#.#..#.#......#
.........#..#©.....#..###########
########.#..########..#.........#
#....#.# #.#.#.#####...# ####...#
...#.#.# #...#


You could see 2 ogres and Iusername's ghost.

Vanquished Creatures
  A water moccasin skeleton (D:4)
  An orc priest (D:3)
  An iguana (D:4)
  Natasha (twice) (D:4)
  2 orc wizards
  2 hound skeletons (D:4)
  4 gnolls (D:2)
  4 adders
  A worm (D:4)
  3 dart slugs
  10 orcs
  6 ball pythons
  10 endoplasms
  4 giant cockroaches
  5 goblins
  11 hobgoblins
  8 jackals
  4 quokkas
  10 bats
  3 frilled lizards
  8 kobolds
  8 rats
108 creatures vanquished.

Notes
Turn   | Place    | Note
-------+----------+-------------------------------------------
     0 | D:1      | Iusername the Minotaur Fighter began the quest for the Orb.
     0 | D:1      | Reached XP level 1. HP: 19/19 MP: 0/0
    99 | D:1      | Reached XP level 2. HP: 23/27 MP: 1/1
   151 | D:1      | Found a faded altar of an unknown god.
   457 | D:1      | Reached XP level 3. HP: 33/33 MP: 2/2
   689 | D:2      | Found a radiant altar of Vehumet.
   938 | D:2      | Gained mutation: You are partially covered in iridescent
                  | scales. (AC +2) [potion of mutation]
   938 | D:2      | Gained mutation: A frigid envelope surrounds you and
                  | freezes all who hurt you. [potion of mutation]
  1467 | D:2      | Reached XP level 4. HP: 40/41 MP: 3/3
  1921 | D:2      | Found Yffohic's Jewellery Emporium.
  1976 | D:3      | Reached XP level 5. HP: 26/47 MP: 4/4
  1997 | D:3      | Reached skill level 5 in Shields
  2012 | D:3      | Reached skill level 5 in Armour
  2700 | D:3      | Reached skill level 5 in Fighting
  3039 | D:4      | Reached XP level 6. HP: 47/56 MP: 5/5
  3268 | D:4      | Noticed Natasha
  3269 | D:4      | Killed Natasha
  3283 | D:4      | Noticed Natasha
  3285 | D:4      | Killed Natasha
  3369 | D:4      | Found a transporter.
  3370 | D:4      | Found a transporter.
  3370 | D:4      | Noticed Iusername's ghost (novice HuFi)
  3377 | D:4      | Identified the +3 giant club of Excruciating Pain {spect,
                  | rPois Str-2 Int-3 Dex+8}
  3398 | D:4      | Found a glowing golden altar of the Shining One.
  3574 | D:4      | Lost mutation: You are partially covered in iridescent
                  | scales. (AC +2) [potion of mutation]
  3574 | D:4      | Lost mutation: A frigid envelope surrounds you and freezes
                  | all who hurt you. [potion of mutation]
  3574 | D:4      | Gained mutation: Your body sometimes deteriorates upon
                  | taking damage. [potion of mutation]
  3574 | D:4      | Gained mutation: You tend to lose your temper in combat.
                  | [potion of mutation]
  3574 | D:4      | Gained mutation: You have sharp fingernails. [potion of
                  | mutation]
  3582 | D:4      | Slain by an ogre

Illustrated notes

Levels and vault maps discovered:
D:1:      kennysheep_arrival_forest, layout_loops_ring,
          ebering_ecumenical_altar_webs
D:2:      layout_basic, serial_shops, shop, basic_altar, minmay_pentomino_x2
D:3:      layout_rooms, chequers_serial_rivers_large_a, minmay_starry_boxes
D:4:      layout_basic, tso_altar, minmay_temple_entry_poolview,
          gammafunk_ghost_smash, uniq_natasha

Skill      XL: |  1  2  3  4  5 |
---------------+----------------+-----
Shields        | 4 5 |  5.5
Armour         | 4 5 |  5.5
Fighting       | 4 5 |  5.4
Axes           | 3 4 |  4.7

Action                   |  1- 3 |  4- 6 || total
-------------------------+-------+-------++-------
Melee: War axe           |    86 |    77 ||   163
       Headbutt          |    13 |     9 ||    22
  Use: Scroll            |     2 |     4 ||     6
       Potion            |     2 |     2 ||     4
Armor: Scale mail        |    49 |    53 ||   102
Dodge: Dodged            |    41 |    35 ||    76
Block: Buckler           |    26 |    21 ||    47
